[Event "4NCL Div 1 2024-25"]
[Site "England"]
[Date "2025.02.15"]
[Round "5.1"]
[White "Larkin, Vladyslav"]
[Black "Harvey, Marcus R"]
[Result "1/2-1/2"]
[Annotator "TA"]
[ECO "A36"]
[WhiteElo "2455"]
[BlackElo "2491"]
[PlyCount "66"]
[EventDate "2024.11.23"]
[EventType "team-tourn"]
[EventCountry "ENG"]
[SourceTitle "playchess.com"]
[Source "ChessBase"]
[SourceQuality "1"]
[TimeControl "40/6000+30:3000+30"]

1. c4 c5 2. Nc3 d6 3. g3 Nc6 4. Bg2 h5 5. Nf3 Bd7 6. h3 {[%emt 0:13:09] A36: Symmetrical English vs ...g6: 4 Bg2 Bg7.} g6 $146 (6... Qc8 7. d3 g6 8. Bd2 Bg7 9. Rb1 Nf6 10. a3 Nd4 11. Ng5 Bc6 12. O-O Bxg2 13. Kxg2 {½-½ Blednov,S (2459)-Osmetkin,A (2179) Krasnograd Christmas op 2018 (1)}) 7. e3 Bg7 8. d4 b6 9. b3 Nh6 10. Bb2 Nf5 11. dxc5 bxc5 12. O-O Qa5 13. Qc1 Rb8 14. Nd5 Kf8 15. Rd1 Be8 16. Bxg7+ Kxg7 ({Black should play} 16... Nxg7 $14 17. h4 Bd7) 17. Qb2+ $1 $16 f6 (17... Kg8 $16 18. a3 Qd8) 18. g4 $1 $18 hxg4 19. hxg4 Nh4 {[%emt 0:06:50] [#]} 20. Nxh4 Rxh4 21. g5 Qd8 {[%emt 0:00:20] [#]} 22. gxf6+ $2 ({White has to play} 22. Nf4 $1 $18 {[%cal Rf4e6] Hoping for Ne6+.} Kh7 23. gxf6 exf6 24. Qd2) 22... exf6 $14 {[%emt 0:00:06] [#]} 23. Qxf6+ $1 {[%emt 0:00:26] Counterplay Black} Qxf6 24. Nxf6 Kxf6 25. Bxc6 (25. Rxd6+ Ke7 26. Rxc6 Bxc6 27. Bxc6 Rb6) 25... Bxc6 26. Rxd6+ Ke5 $1 27. Rxc6 $11 {[%emt 0:00:10][%cal Oa1d1][%mdl 4096] Endgame KRR-KRR. White is two pawns up.} Rbh8 $1 28. f4+ (28. Rxc5+ $16 Ke4 29. f3+ (29. Kg2 $2 Rg4+ 30. Kf1 Kf3 $19) 29... Kxf3 30. Rf1+ Ke2 31. Rf2+ Ke1 32. Rf4) 28... Ke4 {[%emt 0:01:17] ( -> ...Rg4+). The position is equal.} 29. Re6+ (29. Rxc5 Rg4+ (29... Kxe3 30. Re1+ Kxf4 31. Rf1+ Ke4 32. Rc7 $11) (29... Rh1+ $2 30. Kf2 $19) 30. Kf1 Kf3 (30... Kxe3 $2 31. Re5+ Kf3 32. Ke1 $19) (30... Rh1+ {is a self mate.} 31. Kf2 Rh2+ 32. Kf1 Kf3 33. Rh5 Rf2+ 34. Ke1 Rg1#) 31. Ke1 Rg2 (31... Kxe3 $2 32. Kd1 $19)) 29... Kf3 30. Rf1+ (30. Rxg6 $2 Rh1#) 30... Ke2 31. Rf2+ (31. Rxg6 $2 Rh1+ (31... Kxe3 $2 32. Re6+ Kd2 33. Kg2 $16) 32. Kg2 Rxf1 $19) 31... Ke1 $1 {[%emt 0:00:45] Hoping for ...Rh1+.} 32. Rf1+ $1 (32. Rxg6 $2 Rh1+ 33. Kg2 R1h2+ (33... R8h2+ $2 34. Kf3 $19) 34. Kf3 Rxf2+ 35. Ke4 Ke2 $19 (35... Rxa2 $2 36. f5 $19)) 32... Ke2 33. Rf2+ (33. Rxg6 $2 {too greedy.} Rh1+ (33... Kxe3 34. Re6+ Kd2 35. Kg2 $18) 34. Kg2 Rxf1 $19) 33... Ke1 $1 {[%emt 0:00:15] White really could win this.   Weighted Error Value: White=0.16 (very precise) /Black=0.15 (very precise)   Missed win:     	White=1     	---        Mistake:       	White=1     	Black=2      Inaccurate:     	---       	Black=2      OK:         	White=8     	Black=6      Best:        	White=5     	Black=2      Strong:       	White=2     	Black=4} 1/2-1/2

[Event "4NCL Div 1 2024-25"]
[Site "England"]
[Date "2025.02.15"]
[Round "5.1"]
[White "Rendle, Thomas E"]
[Black "Kantor, Gergely"]
[Result "0-1"]
[Annotator "TA"]
[ECO "A62"]
[WhiteElo "2383"]
[BlackElo "2558"]
[PlyCount "66"]
[EventDate "2024.11.23"]
[EventType "team-tourn"]
[EventCountry "ENG"]
[SourceTitle "playchess.com"]
[Source "ChessBase"]
[SourceQuality "1"]
[TimeControl "40/6000+30:3000+30"]

1. d4 Nf6 2. c4 e6 3. g3 c5 4. d5 exd5 5. cxd5 d6 6. Nc3 g6 7. Bg2 Bg7 8. Nf3 O-O 9. O-O Re8 10. Bf4 Bf5 {[%emt 0:00:10] A62: Modern Benoni: Fianchetto Variation without early ...Nbd7.} 11. Nh4 {[%emt 0:07:44] Threatens to win with Nxf5.} Bg4 $1 {[%emt 0:00:08][%cal Ob7b5] 11...Bg4 scores better than 11...Bc8.} 12. Qd2 Na6 {[%emt 0:00:22][%cal Ob7b5,Bb8a6,Ba6c5,Bc5b3][%mdl 32] The position is equal.} 13. Rfe1 c4 14. h3 Bc8 15. Bh6 Bxh6 $146 (15... Bd7 16. Bxg7 Kxg7 17. Qf4 Qb6 18. Nf3 Qxb2 19. Rec1 Qa3 20. Nd2 b5 21. Nde4 Rxe4 22. Nxe4 Nxe4 23. Qxe4 {½-½ Costa Trillo,V (2377)-Dezan,A (2154) ARG-ch33 email 2020}) 16. Qxh6 Nc5 17. Qf4 b5 $1 {[%emt 0:00:15] Threatens to win with ...b4.} 18. b4 (18. Nf3 $11) 18... cxb3 $15 19. axb3 Nh5 (19... Nxb3 20. Ra3 Nc5 (20... Nh5 21. Qb4 $11) 21. Nxb5 $11) 20. Qh6 b4 21. Nb5 (21. Na4 $1 $11 Nxa4 (21... Nxb3 22. Rab1 $16) 22. Rxa4) 21... Nxb3 (21... a5 22. Nd4 Nf6 23. Nhf3 Nfe4) 22. Rxa7 Rxa7 23. Nxa7 Nxg3 24. Nxc8 $2 {[%emt 0:02:57][%mdl 8192] [#] White does not recover from this.} (24. Nc6 $1 $15 Qb6 25. e3) 24... Nxe2+ $19 ({Not} 24... Rxe2 25. Rb1 Nd2 26. Ra1 (26. Rxb4 $2 {too greedy.} Qxc8 27. Kh2 Ndf1+ 28. Bxf1 Nxf1+ 29. Kg2 Ne3+ 30. Kf3 Rc2 $19) 26... Qxc8 (26... Qf6 $2 27. Ne7+ Qxe7 28. Ra8+ $18) 27. fxg3 $11) 25. Rxe2 Rxe2 26. Nf5 gxf5 27. Nxd6 Re1+ (27... Nd4 $142 28. Nb7 Re1+ 29. Kh2 Qb8+ (29... Qe7 $2 30. d6 $19) 30. d6 Ne6 (30... Re6 31. Qf4 $15)) 28. Kh2 Nd4 29. f4 $2 (29. Nxf7 Kxf7 30. Qxh7+ Ke8 31. Qh8+ Kd7 32. Qxd4) 29... Re2 {[%emt 0:01:34] [#] ( -> ...Nf3+)} 30. Kh1 b3 {[%emt 0:02:38] ( -> ...b2)} 31. Nxf7 b2 {[%emt 0:00:37] Black mates.} 32. Nxd8 b1=Q+ ({Weaker is} 32... b1=B 33. Qf6 (33. Qg5+ Kf8 $18) 33... Re1+ 34. Kh2 Re8 35. Qf7+ Kh8 36. Qxe8+ Kg7 37. Qf7+ Kh6 38. Qf6+ Kh5 39. Qg5#) 33. Kh2 Nf3+ {[%emt 0:00:04][%mdl 32768] Weighted Error Value: White=0.99/Black=0.25 (precise)  Loss on time!?  Loses game:     	White=1     	---        Mistake:       	White=3     	---        Inaccurate:     	White=3     	Black=3      OK:         	White=5     	Black=8      Best:        	White=1     	Black=2      Strong:       	---       	Black=1} 0-1

[Event "4NCL Div 1 2024-25"]
[Site "England"]
[Date "2025.02.15"]
[Round "5.2"]
[White "Erdos, Viktor"]
[Black "Birtwistle, Nigel"]
[Result "1-0"]
[Annotator "TA"]
[ECO "A57"]
[WhiteElo "2533"]
[BlackElo "2041"]
[PlyCount "61"]
[EventDate "2024.11.23"]
[EventType "team-tourn"]
[EventCountry "ENG"]
[SourceTitle "playchess.com"]
[Source "ChessBase"]
[SourceQuality "1"]
[TimeControl "40/6000+30:3000+30"]

1. d4 Nf6 2. c4 c5 3. d5 b5 4. cxb5 a6 5. e3 axb5 6. Bxb5 Qa5+ 7. Nc3 Bb7 8. Bd2 Qb6 $1 9. a4 {[%emt 0:00:46] A57: Benko/Volga Gambit.} Nxd5 10. Nf3 Nc7 (10... e6 $1 $11) 11. O-O {[%emt 0:03:19] White is slightly better.} Nc6 $146 (11... g6 $14) (11... Nxb5 12. axb5 Rxa1 13. Qxa1 e6 14. e4 Be7 15. Be3 O-O 16. b4 d6 17. bxc5 dxc5 {1-0 Lysyj,I (2631)-Rogoznikov,A (2339) Cheliabinsk Kurnosov Memorial rapid 2018 (2)}) 12. e4 $16 e6 {[%emt 0:11:47] [#]} (12... g6 $16 {was worth a try.}) 13. Bf4 (13. a5 $1 $18 {[%cal Ra5b6] has better winning chances.} Qa7 14. Bf4) 13... Be7 14. Ne5 Nxe5 15. Bxe5 {[%emt 0:00:05] A sharp opening} Nxb5 16. Nxb5 Rc8 {[%emt 0:00:39] Prevents Nc7+. Black is now going downhill.} 17. Qg4 $36 {[%emt 0:01:58][%mdl 2048] Black is under strong pressure. White is much more active.} ({Much worse is} 17. Bxg7 Rg8 18. Be5 (18. Qg4 $2 Bf8 $19) 18... Bxe4 $14) 17... d6 (17... f6 $16) 18. Qxg7 $18 Rf8 {[%emt 0:00:17] [#]} 19. Bf6 Bxe4 20. Rfe1 Bf5 $2 (20... d5 {is more resistant.} 21. Nc3 (21. Rxe4 Bxf6 22. Qxf6 dxe4 $11) 21... Bxf6 22. Qxf6 Qb7) 21. Rad1 {[%emt 0:02:32][%cal Ba1d1,Bd1e1,Be1e3][%mdl 32] Bxe7 would now be deadly.} Rc6 22. Bxe7 Kxe7 23. g4 Bc2 {[%emt 0:03:30] [#]} (23... Bxg4 $18 24. Qxg4 h6) 24. Rxe6+ $3 Kxe6 (24... Kd7 25. Re7+) 25. Re1+ Kd5 26. Qxf8 (26. Qg5+ $142 Kc4 27. Qd2 Bxa4 28. Na3+ Kb3 29. Qc2+ Ka2 30. Ra1+ Kxa1 31. Qb1#) 26... Kc4 27. Na3+ Kb3 28. Re3+ Kxa4 29. Nxc2 Qxb2 30. Qa8+ Kb5 31. Na3+ {[%emt 0:00:04] Weighted Error Value: White=0.42/Black=1.32  Mistake:       	White=1     	Black=6      Inaccurate:     	---       	Black=1      OK:         	White=7     	Black=4      Best:        	White=1     	Black=2      Brilliant:      	White=1     	---} 1-0

[Event "4NCL Div 1 2024-25"]
[Site "England"]
[Date "2025.02.15"]
[Round "5.2"]
[White "Wadsworth, Matthew J"]
[Black "Bottazzi, Ulysse"]
[Result "1-0"]
[Annotator "TA"]
[ECO "E94"]
[WhiteElo "2461"]
[BlackElo "2344"]
[PlyCount "91"]
[EventDate "2024.11.23"]
[EventType "team-tourn"]
[EventCountry "ENG"]
[SourceTitle "playchess.com"]
[Source "ChessBase"]
[SourceQuality "1"]
[TimeControl "40/6000+30:3000+30"]

1. Nf3 Nf6 2. c4 g6 3. Nc3 Bg7 4. e4 d6 5. d4 O-O 6. Be2 e5 7. O-O h6 {[%emt 0:00:40] E94: King's Indian: Classical: 6 Be2 e5 7 0-0: Various Black 7th moves.} 8. Re1 $1 {[%emt 0:03:12] 8.Re1 is better than 8.dxe5.} a5 9. Bf1 (9. dxe5 $5 dxe5 10. h3 $11 (10. Nxe5 Qe7 $16)) 9... Na6 $146 {[%emt 0:01:00] White is slightly better.} (9... exd4 10. Nxd4 Nc6 11. Nc2 Re8 12. f3 Be6 13. Be3 Ne5 14. Na3 c6 15. Qd2 d5 16. exd5 cxd5 {½-½ Doshi,M (2391)-Bhagat,K (2270) Budapest Vezerkepzo Haag GM 11 2024 (5)}) 10. h3 exd4 11. Nxd4 Re8 12. Ndb5 b6 13. Bf4 Bb7 14. f3 Nh5 15. Be3 Be5 16. Ne2 (16. Bxh6 Qh4 17. Qd2 Nf4 18. Bxf4 Bxf4 $17) ({White should try} 16. Qd2 $1 $14) 16... Bxb2 $15 {[%emt 0:11:26][%csl Oa2,Oc4] White has weak pawns} 17. Bxh6 Bxa1 18. Qxa1 Qf6 19. Qc1 c6 20. Bg5 Qe5 21. Nbc3 d5 {[%emt 0:00:19] and ...Nc5 would now be decisive} 22. Be3 Nc5 {[%emt 0:02:11] [#] A mistake that costs the game.} (22... Kh7 $14) 23. Bd4 $1 $18 Qe7 {[%emt 0:03:08] [#]} (23... Qd6 $142) 24. Qh6 $1 (24. cxd5 Kh7 $16 (24... cxd5 $2 25. Qh6 $18)) 24... f6 25. Qxg6+ (25. cxd5 Qh7 26. Qxh7+ Kxh7 $16) 25... Ng7 26. cxd5 (26. Qxf6 Qxf6 27. Bxf6 dxe4 $11) 26... cxd5 (26... Qf7 $142 27. Qxf7+ (27. Qxf6 Qxf6 28. Bxf6 cxd5 $18) 27... Kxf7) 27. Nf4 {[%emt 0:06:23] White is clearly winning.} (27. Nxd5 Bxd5 28. exd5 Qf7 29. Qxf6 Qxf6 30. Bxf6 Nf5 $18) (27. Bxf6 Qf7 28. Qh6 Re6 $18) 27... Qf7 28. Qh6 {[%emt 0:02:31][%cal Of4g6] Prevents Qxg6.} (28. Qxf6 Qxf6 29. Bxf6 dxe4 $16) (28. Bxf6 Qxg6 29. Nxg6 dxe4 30. fxe4 (30. Bc4+ Kh7 $15) 30... Kf7 31. Bxg7 Kxg7 $19 (31... Kxg6 $2 32. Bd4 $19)) 28... Nf5 29. exf5 Rxe1 30. Bxf6 (30. Qxf6 $2 {too greedy.} Qxf6 31. Bxf6 Ba6 $19) 30... Qh7 31. Qg5+ Kf8 32. Kf2 Ree8 33. Bb5 Ba6 34. Bc6 {[%emt 0:01:35] A strong pair of Bishops.} Nd3+ 35. Nxd3 Bxd3 36. Bd4 {[%emt 0:00:31] Qf6+ would kill now.} Rad8 37. Qf6+ (37. Nxd5 Re2+ 38. Kg1 Rd6 $11) (37. Bxd5 Rd6 38. Be6 (38. g4 Qh6 $16) 38... Rexe6 39. fxe6 Rxe6 $14) 37... Kg8 38. g4 Bc4 39. Bxe8 Rxe8 40. a4 ({Worse is} 40. Qxb6 Qh4+ 41. Kg2 Bf1+ 42. Kxf1 Qxh3+ 43. Kf2 Qh2+ 44. Kf1 Qh3+ (44... Qh1+ 45. Bg1 $11) 45. Kf2 Qh2+ 46. Kf1 Qh3+ $11) 40... Rf8 {[%emt 0:01:12] Black is weak on the dark squares} 41. Qg5+ Kf7 42. h4 Ke8 43. h5 Qc7 44. Qe3+ Qe7 45. Bxb6 {[%emt 0:00:00] Hoping for Qxe7+.} Qxe3+ 46. Kxe3 {[%emt 0:00:00] Weighted Error Value: White=0.47/Black=0.74  Mistake:       	White=1     	Black=3      Inaccurate:     	White=2     	Black=6      OK:         	White=11    	Black=7      Best:        	White=2     	Black=2      Strong:       	White=2     	---} 1-0

[Event "4NCL Div 1 2024-25"]
[Site "England"]
[Date "2025.02.15"]
[Round "5.3"]
[White "Maycock Bates, David Henry"]
[Black "Murphy, Conor E"]
[Result "1/2-1/2"]
[Annotator "ChessBase"]
[ECO "C88"]
[WhiteElo "2290"]
[BlackElo "2444"]
[PlyCount "135"]
[EventDate "2024.11.23"]
[EventType "team-tourn"]
[EventCountry "ENG"]
[SourceTitle "playchess.com"]
[Source "ChessBase"]
[SourceQuality "1"]
[TimeControl "40/6000+30:3000+30"]

1. e4 e5 2. Nf3 Nc6 3. Bb5 a6 4. Ba4 Nf6 5. O-O Be7 6. Re1 b5 7. Bb3 O-O 8. a4 Bb7 9. d3 d6 10. Bd2 Qd7 11. Nc3 Na5 12. Ba2 b4 13. Ne2 c5 14. c3 bxc3 15. Bxc3 Nc6 16. a5 Bd8 17. Bc4 Rb8 18. Ng3 Bc8 19. Nf5 g6 20. Ne3 Nd4 21. b4 Bc7 22. bxc5 dxc5 23. Nd5 Nxd5 24. Bxd5 Qe7 25. Nd2 Qg5 26. Kh1 Bg4 27. f3 Be6 28. Bxd4 exd4 29. Bxe6 fxe6 30. Nc4 Qh4 31. e5 Rf5 32. Re4 Qg5 33. g3 Qd8 34. Kg2 Rb5 35. Qe1 Qb8 36. f4 Rb3 37. Qe2 Qb4 38. Ra2 Qc3 39. Nd2 Rb5 40. Nc4 Rb1 41. Qd2 Qb3 42. Qc2 Rf7 43. Nd2 Qxc2 44. Rxc2 Rb5 45. Nc4 Rd7 46. Ree2 Rd8 47. Kf3 Kf8 48. Ke4 Ke7 49. h4 h5 50. Rg2 Rh8 51. Ra2 Rb1 52. Rab2 Rb8 53. Rxb8 Rxb8 54. g4 hxg4 55. Rxg4 Kf7 56. Rg1 Rh8 57. Rb1 Ke7 58. Rg1 Rh6 59. h5 gxh5 60. Rg7+ Kd8 61. f5 exf5+ 62. Kxf5 h4 63. e6 h3 64. Rg8+ Ke7 65. Rg7+ Kd8 66. Rg8+ Ke7 67. Rg7+ Kd8 68. Nb6 1/2-1/2

[Event "4NCL Div 1 2024-25"]
[Site "England"]
[Date "2025.02.15"]
[Round "5.3"]
[White "Bremner, Adam"]
[Black "Royal, Shreyas"]
[Result "0-1"]
[Annotator "TA"]
[ECO "D02"]
[WhiteElo "2149"]
[BlackElo "2520"]
[PlyCount "68"]
[EventDate "2024.11.23"]
[EventType "team-tourn"]
[EventCountry "ENG"]
[SourceTitle "playchess.com"]
[Source "ChessBase"]
[SourceQuality "1"]
[TimeControl "40/6000+30:3000+30"]

1. Nf3 d5 2. g3 Nf6 3. Bg2 c5 4. O-O e6 5. d4 cxd4 6. Nxd4 Bc5 7. Nb3 {[%emt 0:05:43] D02: 1 d4 d5 2 Nf3 sidelines, including 2...Nf6 3 g3 and 2...Nf6 3 Bf4.} Bb6 8. Nc3 Nc6 9. e4 {[%emt 0:14:23] The position is equal.} d4 10. Ne2 $146 (10. Na4 $11) (10. Na4 e5 11. Nxb6 Qxb6 12. c3 Be6 13. cxd4 Bxb3 14. axb3 Nxd4 15. Be3 Rd8 16. f4 {1-0 Ponkratov,P (2593)-Babanin,G (2131) RUS-ch Blitz 2022 (3)}) 10... e5 $15 11. Bg5 h6 12. Bxf6 Qxf6 (12... gxf6 13. c3 $11) 13. c3 O-O (13... h5 $15) 14. cxd4 $11 exd4 15. Nf4 Be6 16. Rc1 {[%emt 0:10:09] Prevents Bc4.} Rfd8 17. Nxe6 (17. Nc5 $11 Bxc5 (17... Bxa2 18. Nxb7 Rdb8 19. b3 $14) 18. Nd5 Bxd5 19. exd5) 17... Qxe6 $17 18. a3 Qe7 {[%emt 0:11:38] Wards off Nc5. Black is more active.} (18... d3 $17 19. Nc5 Qe7) 19. f4 d3+ 20. Kh1 a5 21. e5 a4 $36 {[%emt 0:00:07][%mdl 2048] White is under pressure.} 22. Nd2 Rd4 {[%emt 0:10:37] Against Rc4} 23. Bxc6 bxc6 24. Qf3 Ba5 25. Rfd1 Rad8 26. Qxc6 R4d5 27. h4 $2 {[%emt 0:05:55] [#] Loses the game.} ({But not} 27. Qxa4 Qb7 28. Qc6 Qxb2 $17) (27. Ne4 $11) 27... Qa7 $1 $19 {[%emt 0:01:34] ...Qf2 is the strong threat.} 28. Nc4 $2 (28. e6) 28... d2 29. Rb1 Qf2 30. Nxa5 Qxg3 {[%emt 0:00:10] ( -> ...Qh3+)} 31. Nb7 Qh3+ {[%emt 0:02:53] Black mates.} 32. Kg1 {[%emt 0:00:06] [#]} Rd3 $1 33. Kf2 (33. Qh1 Qe3+) 33... Qg3+ 34. Ke2 Re3+ $2 {[%emt 0:00:04] Weighted Error Value: White=1.04/Black=0.08 (flawless)   Loses game:     	White=1     	---        Mistake:       	White=3     	Black=2      Inaccurate:     	White=1     	Black=1      OK:         	White=6     	Black=5      Best:        	White=2     	Black=3      Strong:       	---       	Black=1} (34... Qh2+ {mates} 35. Kf1 Rg3 (35... Qxf4+ {gets mated.} 36. Kg1 Rg3+ 37. Qg2 Rdd3 38. h5 Rxg2+ 39. Kxg2 Rg3+ 40. Kh2 Qh4#) 36. Qe8+ Rxe8 37. f5 Qg2#) 0-1

[Event "4NCL Div 1 2024-25"]
[Site "England"]
[Date "2025.02.15"]
[Round "5.4"]
[White "Speelman, Jon S"]
[Black "Bezuidenhout, Roland"]
[Result "1/2-1/2"]
[Annotator "TA"]
[ECO "A33"]
[WhiteElo "2499"]
[BlackElo "2285"]
[PlyCount "83"]
[EventDate "2024.11.23"]
[EventType "team-tourn"]
[EventCountry "ENG"]
[SourceTitle "playchess.com"]
[Source "ChessBase"]
[SourceQuality "1"]
[TimeControl "40/6000+30:3000+30"]

1. Nf3 c5 2. c4 Nf6 3. Nc3 Nc6 4. d4 cxd4 5. Nxd4 e6 6. a3 d5 7. cxd5 exd5 8. Bg5 Bc5 {[%emt 0:04:21][%cal Bf8c5,Bc5e7,Be7d6][%mdl 32] A33: Symmetrical English: 2 Nf3 Nf6 3 d4 cxd4 4 Nxd4 e6 5 Nc3 Nc6.} 9. e3 Nxd4 10. exd4 Be7 {[%emt 0:01:29] White is slightly better.} 11. Bd3 O-O 12. O-O h6 $146 (12... Be6 13. Qc2 h6 14. Bh4 Qb6 15. Rfd1 Kh8 16. Be2 Rac8 17. Rac1 Rfe8 18. Qb1 Qb3 {1-0 Castro,L (1703)-Nejanky,M (1948) Florianopolis op 8th 2022 (5)}) 13. Bh4 Be6 14. Re1 Kh8 15. Bc2 {[%emt 0:02:03] White has more active pieces.} Bd6 16. Qd3 g5 17. Bg3 Bxg3 18. hxg3 ({Don't do} 18. Qxg3 Rc8 $14) 18... Re8 19. Re5 Rc8 20. Rae1 {[%emt 0:01:39][%cal Oc3d5] White has strong rooks and is better} Rg8 21. Bb1 Rc6 22. Qf3 Kg7 23. Bf5 (23. Qd1 $16) 23... Re8 24. Bc2 (24. Bxe6 {simplifies} Rcxe6 25. R1e3 Qb6 26. Nxd5 Nxd5 27. Qxd5 Qxb2 28. Rxe6 Rxe6 29. Rxe6 fxe6 30. Qd7+) 24... Rc4 (24... Qb6 $1 $11 25. Ba4 Qxb2 26. Bxc6 bxc6) 25. Qd3 $1 $16 Qb6 {[%emt 0:06:13] [#]} 26. Nxd5 $1 Bxd5 27. Rxe8 {[%emt 0:00:22] White attacks} Qxb2 {[%emt 0:00:18] [#]} 28. R8e2 Rxd4 29. Qf5 {[%emt 0:01:07] Re7 is the strong threat.} Qb6 30. Re7 {[%emt 0:06:08] White threatens Qg6+ and mate.} Kf8 31. Qc8+ Kg7 32. Qc7 Qxc7 33. Rxc7 Rd2 34. Rd1 Re2 {[%emt 0:00:33] [#]} 35. g4 Nxg4 $1 $11 {[%emt 0:01:08] The position is equal.} 36. Bf5 (36. Rxd5 $2 Re1#) 36... Nf6 37. Rb1 Bc6 38. Bd3 Rd2 39. Bc4 Nd5 40. Rcxb7 Bxb7 41. Rxb7 Rd4 42. Bxd5 {[%emt 0:00:10] White really could win this.   Weighted Error Value: White=0.14 (very precise) /Black=0.13 (very precise)   Mistake:       	White=2     	Black=1      Inaccurate:     	White=2     	Black=6      OK:         	White=17    	Black=9      Best:        	White=1     	Black=5      Strong:       	White=1     	Black=1      Brilliant:      	White=1     	---} 1/2-1/2

[Event "4NCL Div 1 2024-25"]
[Site "England"]
[Date "2025.02.15"]
[Round "5.4"]
[White "Jaracz, Pawel"]
[Black "Milson, Samuel A"]
[Result "1/2-1/2"]
[Annotator "TA"]
[ECO "A20"]
[WhiteElo "2473"]
[BlackElo "2069"]
[PlyCount "55"]
[EventDate "2024.11.23"]
[EventType "team-tourn"]
[EventCountry "ENG"]
[SourceTitle "playchess.com"]
[Source "ChessBase"]
[SourceQuality "1"]
[TimeControl "40/6000+30:3000+30"]

1. c4 e5 2. g3 Nf6 3. Bg2 h6 4. d3 Bb4+ 5. Nd2 O-O 6. a3 {[%emt 0:00:47] A20: English Opening: 1...e5.} Bxd2+ 7. Bxd2 d6 8. Bc3 c5 $146 ({Predecessor:} 8... Nc6 9. b4 a6 10. Nf3 Be6 11. O-O Qd7 12. Rc1 Bh3 13. e4 Bxg2 14. Kxg2 Rfe8 {1-0 Schleef,H-Vogt,J Theme 22992 freechess.de 2021}) 9. Nf3 Nc6 10. O-O Re8 11. b4 Qe7 12. e3 Bd7 13. Qc2 Rac8 {[%emt 0:03:00] [#]} (13... a6 $14) 14. Qb2 (14. b5 $1 $16 ) 14... b6 ({Black should try} 14... a6 $14) 15. b5 $16 Nb8 16. a4 Be6 17. a5 Rc7 18. h3 Nbd7 19. Nd2 Bf5 (19... d5 $142) 20. e4 Bh7 21. f4 (21. Rfe1 $16) 21... Nh5 $11 22. Rf3 exf4 23. gxf4 f5 24. exf5 (24. Nf1 $5) 24... Bxf5 25. Nf1 {[%emt 0:00:12] Threatens to win with Re1.} Qh4 26. Qd2 (26. Qf2 $14 Qxf2+ 27. Kxf2) 26... Nf8 27. Ne3 Rf7 28. Raf1 {[%emt 0:01:14] Weighted Error Value: White=0.24 (precise) /Black=0.19 (very precise)   Mistake:       	White=3     	Black=3      Inaccurate:     	White=2     	Black=3      OK:         	White=9     	Black=7} 1/2-1/2

[Event "4NCL Div 1 2024-25"]
[Site "England"]
[Date "2025.02.15"]
[Round "5.5"]
[White "Banerjee, Supratit"]
[Black "Zhou, Yang-Fan"]
[Result "1/2-1/2"]
[Annotator "ChessBase"]
[ECO "B90"]
[WhiteElo "2141"]
[BlackElo "2418"]
[PlyCount "94"]
[EventDate "2024.11.23"]
[EventType "team-tourn"]
[EventCountry "ENG"]
[SourceTitle "playchess.com"]
[Source "ChessBase"]
[SourceQuality "1"]
[TimeControl "40/6000+30:3000+30"]

1. e4 c5 2. Nf3 d6 3. d4 Nf6 4. Nc3 cxd4 5. Nxd4 a6 6. Be3 e5 7. Nf3 Be7 8. Bc4 O-O 9. O-O Nc6 10. Bg5 Be6 11. Qe2 Na5 12. Bd3 Nd7 13. Bxe7 Qxe7 14. Nd5 Qd8 15. Rad1 Rc8 16. c3 Kh8 17. Bb1 Nc4 18. Rfe1 b5 19. h3 g6 20. b3 Na3 21. Qd2 Kg7 22. Ne3 Rc6 23. Bd3 Qa5 24. Bf1 h6 25. Nd5 Bxd5 26. Qxd5 Rfc8 27. Rc1 Nf6 28. Qd2 Qc7 29. Kh2 a5 30. Kg1 Rc5 31. Kh1 Rxc3 32. Rxc3 Qxc3 33. Qxd6 Nc2 34. Re2 Nd4 35. Nxd4 exd4 36. e5 Ne8 37. Qd7 Rc7 38. Qxb5 Qa1 39. Rd2 Rc1 40. Kg1 Nc7 41. Qe2 Ne6 42. f4 Qc3 43. Qf2 Kf8 44. g3 d3 45. Qe3 Nc5 46. f5 g5 47. e6 f6 1/2-1/2

[Event "4NCL Div 1 2024-25"]
[Site "England"]
[Date "2025.02.15"]
[Round "5.5"]
[White "Lentzos, Ioanis"]
[Black "Grieve, Harry"]
[Result "0-1"]
[Annotator "TA"]
[ECO "D30"]
[WhiteElo "2126"]
[BlackElo "2464"]
[PlyCount "42"]
[EventDate "2024.11.23"]
[EventType "team-tourn"]
[EventCountry "ENG"]
[SourceTitle "playchess.com"]
[Source "ChessBase"]
[SourceQuality "1"]
[TimeControl "40/6000+30:3000+30"]

1. c4 e6 2. g3 d5 3. Bg2 dxc4 4. Qa4+ c6 5. Qxc4 b5 6. Qb3 Bb7 7. a4 a6 8. Nf3 Nd7 9. d4 Ngf6 10. O-O c5 11. axb5 Bd5 12. Qc2 {[%emt 0:09:16] D30: Queen's Gambit Declined: Systems without Nc3.} axb5 13. Rxa8 Qxa8 14. Nc3 {[%emt 0:05:24] The position is equal.} Bc6 {[%emt 0:00:06] With the idea ...b4.} 15. b3 Be7 16. dxc5 (16. Be3 $5) 16... Bxc5 17. Bb2 $146 (17. Ne1 Bxg2 18. Nxg2 Qc6 19. Qd3 O-O 20. Bb2 Rb8 21. Nf4 {0-1 Salomon,J (2308)-Guo,Q (2451) Gibraltar Masters 12th 2014 (4)}) 17... O-O 18. Nxb5 Bxb5 $17 19. Bxf6 {[%emt 0:01:10] [#]} Bxf2+ $1 ({Don't play} 19... gxf6 $6 20. Ng5 $14) (19... Nxf6 20. Qxc5 Bxe2 21. Nd4 $14) 20. Rxf2 {[%emt 0:08:28] Strongly threatening Ng5.} Nxf6 21. Nd4 $2 (21. b4 $17 {is tougher.}) 21... Qa1+ {[%emt 0:00:17] Weighted Error Value: White=0.63/Black=0.00 (flawless)   Loses game:     	White=1     	---        Mistake:       	White=1     	---        OK:         	White=4     	Black=4      Best:        	White=1     	Black=2      Strong:       	---       	Black=1} 0-1